 Dungeon Crawl Stone Soup version 0.26-a0-597-gb535b0901c (webtiles) character file.

Game seed: 18031679711011970780

74 kae the Firebug (level 4, -2/24 HPs)
             Began as a Tengu Fire Elementalist on Aug 27, 2020.
             Slain by a centaur skeleton (4 damage)
             ... on level 4 of the Dungeon.
             The game lasted 00:01:48 (2951 turns).

kae the Firebug (Tengu Fire Elementalist)           Turns: 2951, Time: 00:01:48

Health: -2/24      AC:  2    Str:  9    XL:     4   Next: 28%
Magic:  7/9        EV: 12    Int: 16    God:
Gold:   162        SH:  0    Dex: 14    Spells: 7/8 levels left

rFire    . . .     SeeInvis .   (no weapon)
rCold    . . .     Faith    .   (no shield)
rNeg     . . .     Spirit   .   a - +0 robe
rPois    +         Reflect  .   (helmet restricted)
rElec    .         Harm     .   (no cloak)
rCorr    .                      (no gloves)
MR       .....                  (boots unavailable)
Stlth    ++........             (no amulet)
HPRegen  0.08/turn              (no ring)
MPRegen  0.11/turn              j - ring of poison resistance

@: no status effects
A: beak, talons 3
a: no special abilities


You were on level 4 of the Dungeon.
You visited 1 branch of the dungeon, and saw 4 of its levels.

You collected 162 gold pieces.

Inventory:

Armour
 a - a +0 robe (worn)
Jewellery
 j - a ring of poison resistance (right hand)
Scrolls
 b - 2 scrolls of amnesia
 e - 2 scrolls of identify
Potions
 c - a potion of mutation {unknown}
 d - 2 potions of curing
 g - a potion of flight
 h - a potion of haste
 k - a potion of might


   Skills:
 - Level 2.1 Dodging
 - Level 2.0 Stealth
 + Level 2.7 Spellcasting
 + Level 2.7 Conjurations
 * Level 4.5 Fire Magic


You had 7 spell levels left.
You knew the following spells:

 Your Spells              Type           Power        Failure   Level
a - Foxfire               Conj/Fire      ##..         4%          1

Your spell library contained the following spells:

 Spells                   Type           Power        Failure   Level
 Conjure Flame            Conj/Fire      ##......     13%         3
 Inner Flame              Hex/Fire       #.......     22%         3
 Sticky Flame             Conj/Fire      ##......     41%         4
 Fireball                 Conj/Fire      ##........   77%         5


Dungeon Overview and Level Annotations

Branches:
Dungeon (4/15)
 Temple: D:4-7

Altars:

Shops:
D:4 [

Annotations:
D:3 Grinder


Innate Abilities, Weirdness & Mutations

You have a beak for a mouth.
You have claws for feet.


Message History

You are too injured to fight recklessly!
You are too injured to fight recklessly!
Casting: Foxfire (safe; 4% risk of failure)
Confirm with . or Enter, or press ? or * to list all spells.
You conjure some foxfire!
The centaur skeleton closely misses you.
The foxfire hits the centaur skeleton.
The centaur skeleton is severely damaged.
The centaur skeleton hits you!
The centaur skeleton misses you. 2 orcs come into view.
The orc shouts!
You hear a bark!
The centaur skeleton hits you.
* * * LOW HITPOINT WARNING * * *
The orc moves out of view.
Casting: Foxfire (safe; 4% risk of failure)
Confirm with . or Enter, or press ? or * to list all spells.
You conjure some foxfire!
The orc shouts!
You hear an angry hiss.
You hear a shout!
The centaur skeleton hits you.
You die...

## .#
.### ...
##.#
##v#
#Z@#
#...v#
#..###.#
#. #.. #
# ##.
.## ..
.. .o #.
..# .##
#.#


You could see an orc and a centaur skeleton.

Vanquished Creatures
  An adder (D:4)
  A worm (D:2)
  4 dart slugs
  2 leopard geckos
  5 giant cockroaches
  2 goblins (D:1)
  9 hobgoblins
  7 jackals
  2 kobolds
  2 quokkas
  3 bats
  2 frilled lizards
  5 rats
45 creatures vanquished.

Vanquished Creatures (others)
  132 foxfires
132 creatures vanquished.

Grand Total: 177 creatures vanquished

Notes
Turn   | Place    | Note
-------+----------+-------------------------------------------
     0 | D:1      | kae the Tengu Fire Elementalist began the quest for the
                  | Orb.
     0 | D:1      | Reached XP level 1. HP: 10/10 MP: 4/4
   267 | D:1      | Reached XP level 2. HP: 15/15 MP: 3/6
   854 | D:1      | Reached XP level 3. HP: 16/19 MP: 4/7
   942 | D:1      | Reached skill level 4 in Fire Magic
  2498 | D:3      | Reached XP level 4. HP: 21/24 MP: 8/8
  2736 | D:3      | Found a faded altar of an unknown god.
  2744 | D:3      | Noticed Grinder
  2849 | D:4      | Found Pydduann's Antique Armour Shoppe.
  2951 | D:4      | Slain by a centaur skeleton

Illustrated notes

Levels and vault maps discovered:
D:1:      lemuel_arrival_behind_the_door_small, layout_basic, skrybe_limestone_x
D:2:      layout_basic, grunt_ministairs_14
D:3:      layout_loops_ring, chequers_ecumenical_altar_simple, uniq_natasha,
          uniq_grinder
D:4:      layout_layer_cave, minmay_temple_entry_waves, serial_shops,
          nicolae_shop_temple_entry_statues_fountains, shop,
          minmay_increasing_density

Skill      XL: |  1  2  3 |
---------------+----------+-----
Conjurations   | 2 |  2.7
Fire Magic     | 4 |  4.5
Dodging        | |  2.1
Stealth        | |  2.0
Spellcasting   | |  2.7

Action                   |  1- 3 |  4- 6 || total
-------------------------+-------+-------++-------
Melee: Unarmed           |    45 |    16 ||    61
       Peck              |     3 |     3 ||     6
       Kick              |    13 |     5 ||    18
 Cast: Foxfire           |    67 |    14 ||    81
  Use: Scroll            |    10 |     1 ||    11
 Stab: Sleeping          |     1 |       ||     1
Armor: Robe              |    11 |     4 ||    15
Dodge: Dodged            |    41 |    11 ||    52

Table legend: (Time is in decaauts)
 A = Elapsed time spent in this place.
 B = Non-inter-level travel time spent in this place.
 C = Inter-level travel time spent in this place.
 D = Time resting spent in this place.
 E = Time spent auto-exploring this place.
 F = Levels seen in this place.
 G = Mean time per level.
                   A        B        C        D        E       F      G
               +--------+--------+--------+--------+--------+-----+--------+
         Total |   2948 |   2860 |     88 |     57 |   2469 |   4 |  737.0 |
       Dungeon |   2948 |   2860 |     88 |     57 |   2469 |   4 |  737.0 |
               +--------+--------+--------+--------+--------+-----+--------+

Top non-repeatable levels by time:
     D:2: 1344 daAuts
     D:1: 1131 daAuts
     D:3: 270 daAuts
     D:4: 201 daAuts
